 Dungeon Crawl Stone Soup version 0.21.0-3-g78d12a8 (webtiles) character file.

18 Monsterracer the Skirmisher (level 2, -3/19 HPs)
             Began as a Gargoyle Chaos Knight on Jan 13, 2018.
             Slain by a fire vortex (22 damage)
             ... summoned by the capriciousness of Xom
             ... on level 1 of the Dungeon.
             The game lasted 00:01:44 (315 turns).

Monsterracer the Skirmisher (Gargoyle Chaos Knight)  Turns: 315, Time: 00:01:45

Health: -3/19      AC:  8    Str: 15    XL:     2   Next: 66%
Magic:  2/2        EV: 11    Int: 12    God:    Xom [....*.]
Gold:   20         SH:  0    Dex:  9    Spells: 1/1 levels left

rFire    . . .     SeeInvis .   a - +0 mace (chaos)
rCold    . . .     Gourm    .   (no shield)
rNeg     + . .     Faith    .   b - +2 leather armour
rPois    ∞         Spirit   .   (no helmet)
rElec    +         Reflect  .   (no cloak)
rCorr    .         Harm     .   (no gloves)
MR       .....                  (no boots)
Stlth    +.........             (no amulet)
HPRegen  0.06/turn              (no ring)
MPRegen  0.08/turn              (no ring)

@: no status effects
A: negative energy resistance 1, electricity resistance, unbreathing,
petrification resistance, rot immunity, AC +2
a: Renounce Religion


You were on level 1 of the Dungeon.
You worshipped Xom.
You were a beloved toy of Xom.
You were not hungry.

You visited 1 branch of the dungeon, and saw 1 of its levels.

You collected 20 gold pieces.

Inventory:

Hand Weapons
 a - a +0 mace of chaos (weapon)
Armour
 b - a +2 leather armour (worn)
Scrolls
 d - 2 scrolls of identify {unknown}
 f - a scroll of immolation {unknown}
Potions
 e - 2 potions of flight {unknown}
 g - a potion of resistance {unknown}
Comestibles
 c - a ration


   Skills:
 + Level 3.5 Fighting
 * Level 3.5 Maces & Flails
 + Level 2.5 Armour
 - Level 0.7 Dodging


You had one spell level left.
You didn't know any spells.

Dungeon Overview and Level Annotations

Branches:
Dungeon (1/15)

Altars:


Innate Abilities, Weirdness & Mutations

You are resistant to torment.
Your stone body is resilient. (AC +2)
You are immune to poison.
You resist negative energy. (rN+)
You are resistant to electric shocks. (rElec)
You can survive without breathing.
You are immune to petrification.
You are immune to rotting.


Message History

e - 2 yellow potions No target in view!
No target in view!
No target in view!
You swap places.
You swap places.
You swap places.
A rat comes into view.
A rat is nearby!
You barely miss the rat. The rat bites you but does no damage.
You closely miss the rat. The rat bites you but does no damage.
You sock the rat! You freeze the rat.
You kill the rat!
You see here a rat corpse.
Things that are here:
a club; a hobgoblin corpse A goblin comes into view.
It is wielding a dagger.
A goblin is nearby!
You closely miss the goblin. The goblin misses you.
A goblin is nearby!
You closely miss the goblin. The goblin hits you but does no damage.
You barely miss the goblin. The goblin closely misses you.
You barely miss the goblin. The goblin barely misses you.
You barely miss the goblin. The goblin misses you.
A goblin is nearby!
You thump the goblin! Lightning courses through the goblin!
You kill the goblin!
No target in view!
No target in view!
You swap places.
Found 12 stones.
Found a stone staircase leading down.
No target in view!
No target in view!
No target in view!
Found a leather armour.
No target in view!
A bat comes into view.
Found 21 stones.
You closely miss the bat. The bat closely misses you.
The bat closely misses you. The bat hits you but does no damage.
The bat hits you but does no damage. The bat misses you.
A rat comes into view.
The bat hits you but does no damage. x2
You miss the bat. The bat hits you but does no damage.
The bat hits you but does no damage. The bat hits you.
You take 1 damage, and have 18/19 hp.
The bat hits you but does no damage.
You barely miss the bat. The bat hits you but does no damage.
You closely miss the bat. The bat hits you but does no damage.
The bat closely misses you.
There is a stone staircase leading down here.
You miss the bat. The bat hits you but does no damage.
Your rat zombie bites the bat.
The rat misses you.
You sock the bat!
You kill the bat!
The rat bites you but does no damage.
A rat is nearby!
You hit the rat.
You kill the rat!
No target in view!
HP restored.
You now have 20 gold pieces (gained 11).
f - a scroll labeled NYPTIMP TOST Health restored: 19 No target in view!
Key pressed, stopping explore.
No target in view!
No target in view!
g - a fizzy cyan potion No target in view!
You see here 21 stones.
You almost hear Xom's maniacal laughter.
Sand pours from your nose.
d - 2 scrolls labeled SOCVUEL VOQUDU (gained 1)
A goblin comes into view. It is wielding a club.
You hear Xom's maniacal laughter.
Fire whirls out from your hands!
You are now a beloved toy of Xom.
The goblin misses you.
A fire vortex comes into view.
You barely miss the goblin. The goblin hits you but does no damage.
You sock the goblin!
You kill the goblin!
A fire vortex is nearby!
You sock the fire vortex!
The fire vortex is moderately damaged.
You swap places.
A giant cockroach comes into view.
Found a stone staircase leading down.
You hit the fire vortex.
The fire vortex is heavily damaged.
You thump the fire vortex! You freeze the fire vortex.
The fire vortex is severely damaged.
You sock the fire vortex!
The fire vortex flickers and vanishes!
Deactivating autopickup; reactivate with Ctrl-A.
Xom is highly amused!
Something hits you. Something burns you!
Ouch! That really hurt!
You die...

.Z.# #..# #. #### ##.#
#. # #.# ## #.# .#
#.###########.##
.#######....Z.........#
..........#####.###...#
....####......#.###...##
..#.#########.#.@Zs.....
..#........ #)..{......
..######### #.#.........
..# #.#.###..... ..# #
#.. ...## ... ..# ..# ..
..# ## >..#


You could see a giant cockroach and a friendly rat zombie.

Vanquished Creatures
  2 bats (D:1)
  2 hobgoblins (D:1)
  4 jackals (D:1)
  A frilled lizard (D:1)
  3 goblins (D:1)
  4 rats (D:1)
16 creatures vanquished.

Vanquished Creatures (others)
  4 toadstools (D:1)
4 creatures vanquished.

Grand Total: 20 creatures vanquished

Notes
Turn   | Place    | Note
-------+----------+-------------------------------------------
     0 | D:1      | Monsterracer the Gargoyle Chaos Knight began the quest for the Orb.
     0 | D:1      | Reached XP level 1. HP: 14/14 MP: 1/1
    96 | D:1      | Reached XP level 2. HP: 19/19 MP: 2/2
   286 | D:1      | XOM: harmless Erth miscast
   308 | D:1      | XOM: mild Fire miscast
   315 | D:1      | Slain by a fire vortex

Action                   || total
-------------------------++-------
Melee: Mace              ||    65
Armor: Leather armour    ||    46
Dodge: Dodged            ||    42

Vault maps used:
D:1:      ldierk_walled_garden_2
